[Event "44th Chess Olympiad Women 2022"]
[Site "Chennai"]
[Date "2022.08.07"]
[Round "9.44"]
[White "Deng, Jing Xin Crystal"]
[Black "Almanzar Vasquez, Jeniffer Maria"]
[Result "1-0"]
[ECO "E16"]
[WhiteElo "1914"]
[BlackElo "1762"]
[Annotator "TA"]
[PlyCount "67"]
[EventDate "2022.07.29"]
[EventType "team-tourn"]
[EventCountry "IND"]
[SourceTitle "playchess.com"]
[Source "ChessBase"]
[SourceQuality "1"]
[WhiteTeam "Hong Kong"]
[BlackTeam "Dominican Republic"]
[WhiteTeamCountry "HKG"]
[BlackTeamCountry "DOM"]
[TimeControl "40/5400+30:1800+30"]

1. d4 Nf6 2. c4 e6 3. Nf3 Bb4+ 4. Bd2 a5 5. g3 b6 6. Bg2 Bb7 7. O-O O-O 8. Nc3 d6 9. Qc2 {[%emt 0:03:49] E16: Queen's Indian: 4 g3 Bb7 5 Bg2 Bb4+.} Bxc3 10. Bxc3 Be4 {[%emt 0:03:05] Prevents d5.} 11. Qd2 {[%emt 0:07:57] The position is equal.} Nbd7 12. Rac1 h6 13. Rfd1 Qb8 {[%emt 0:01:16] [#]} 14. Ne1 $146 ({Predecessor:} 14. Bf1 Re8 15. Ne1 e5 16. f3 Bg6 17. e4 Qb7 18. Nc2 c5 19. dxc5 dxc5 20. Na3 {1-0 (33) Ivanchuk,V (2678)-Terry,R (2504) Europe Echecs INT 2021}) 14... Bxg2 15. Nxg2 Ne4 16. Qd3 Ndf6 17. f3 Nxc3 18. Rxc3 d5 19. e4 c6 (19... dxe4 $11 20. fxe4 c5) 20. cxd5 $16 cxd5 21. e5 Nd7 {[%emt 0:01:35] [#]} 22. Rdc1 $1 {[%emt 0:00:42] White is more active.} Ra7 23. f4 b5 24. f5 {[%emt 0:01:42] aiming for fxe6.} b4 25. Rc6 Re8 (25... exf5 $142 26. Nf4 (26. Qxf5 Rb7 $18) 26... Nxe5 27. dxe5 Qxe5 28. Qxd5 Qxd5 29. Nxd5 Rd7) 26. Nf4 $18 Nf8 27. Qf3 $2 (27. f6 $18) 27... Qb5 $2 (27... exf5 $16 {is a better defense.} 28. Qxd5 (28. Nxd5 Ne6 $11) 28... Rd7) 28. Qg4 $2 (28. f6 $18 {fxg7 is the strong threat.} g6 29. Nd3) 28... Ra6 $2 {[%emt 0:11:51][%mdl 8192] [#]} (28... exf5 $16 29. Qxf5 Ne6 30. Nxe6 fxe6) 29. Rc7 (29. Nh5 $142 $1 g6 30. Nf6+ Kg7 31. Nxe8+ Kg8 32. Nf6+ Kg7 33. Rc8 exf5 34. Qf4) 29... Qb6 30. R1c5 (30. Nh5 $142 g5 31. Nf6+ Kh8 32. Qh5 Qxd4+ 33. Kh1 Qe4+ 34. Nxe4 exf5 35. Qxf7 Re7 36. Rxe7 Rg6 37. Qxf8+ Rg8 38. Qxh6#) 30... Qb8 31. Qh5 {[%emt 0:00:33] White mates.} Nd7 32. Rxd7 Rf8 33. fxe6 fxe6 34. Qg6 {[%emt 0:00:10][%csl LRe6,LRg7] Weighted Error Value: White=0.35/Black=0.52} 1-0

[Event "44th Chess Olympiad Women 2022"]
[Site "Chennai"]
[Date "2022.08.07"]
[Round "9.44"]
[White "Rosario Almanzar, Raydily"]
[Black "Kannappan, Sigappi"]
[Result "1/2-1/2"]
[ECO "E73"]
[WhiteElo "1882"]
[BlackElo "1914"]
[Annotator "TA"]
[PlyCount "73"]
[EventDate "2022.07.29"]
[EventType "team-tourn"]
[EventCountry "IND"]
[SourceTitle "playchess.com"]
[Source "ChessBase"]
[SourceQuality "1"]
[WhiteTeam "Dominican Republic"]
[BlackTeam "Hong Kong"]
[WhiteTeamCountry "DOM"]
[BlackTeamCountry "HKG"]
[TimeControl "40/5400+30:1800+30"]

1. d4 Nf6 2. c4 g6 3. Nc3 Bg7 4. e4 d6 5. Be2 O-O 6. h4 h5 7. Bg5 Nbd7 {[%emt 0:06:39] E73: King's Indian: Averbakh Variation without 6...c5.} 8. Qd2 c5 9. d5 a6 10. f3 (10. Nf3 $14) 10... Rb8 11. Nh3 Ne5 12. Nf2 Bd7 13. a4 $1 {[%emt 0:18:07] [#] Prevents b5.} Qe8 $146 ({Predecessor:} 13... Qa5 14. O-O Qb4 15. Qc2 Qa5 16. Rfe1 Rfe8 17. Bd2 Qc7 18. f4 Neg4 19. Nd3 Nh7 {1-0 (37) Golichenko,I (2283)-Korniyuk,M Kiev 2005}) 14. O-O Qd8 15. Rfc1 Re8 16. b3 Qa5 17. Nd3 Nh7 18. Be3 Nxd3 19. Qxd3 Bf6 20. Bf2 (20. g3 {with more complications.} Be5 21. Kg2 Nf6 22. Qd2) 20... Rec8 21. Ra2 Qd8 22. Re1 Qf8 23. Bf1 Qg7 24. Rc2 g5 25. hxg5 Nxg5 {[%emt 0:00:56] [#] White must now prevent ...Nh3+.} 26. Kh1 Be5 27. Ne2 {[%emt 0:01:27] Strongly threatening f4.} (27. Qd2 $5 ) 27... Qg6 (27... f5 $1 $11) 28. Qe3 $1 $14 Bg7 29. Bh4 Bh6 ({Better is} 29... f6) 30. Nf4 $16 Qh7 31. Bd3 {[%emt 0:00:25] White is more active.} ({Don't do} 31. Nxh5 Ne6 32. Qf2 Nd4 $14) 31... f5 $2 {[%emt 0:06:57] [#]} (31... e5 $16 {might work better.}) 32. exf5 $18 ({Weaker is} 32. Nxh5 Nxe4 33. Qe2 Bg5 34. fxe4 Bxh4 $16) 32... Bxf5 33. Bxg5 ({Inferior is} 33. Qxe7 Bxd3 34. Nxd3 Qxd3 $17) (33. g4 $18 Bxd3 34. Rg2 hxg4 35. Nxd3) 33... Bxg5 $11 34. Bxf5 (34. Qe6+ $11 Bxe6 35. Bxh7+ Kxh7 36. Nxe6) 34... Qxf5 $14 35. Qe6+ Qxe6 36. Nxe6 Bf6 37. Nf4 {[%emt 0:00:26] Weighted Error Value: White=0.29 (precise) /Black=0.24 (precise)} 1/2-1/2

[Event "44th Chess Olympiad Women 2022"]
[Site "Chennai"]
[Date "2022.08.07"]
[Round "9.47"]
[White "Blackman, Katrina"]
[Black "Enomah Emmanuella Trust"]
[Result "0-1"]
[ECO "A03"]
[WhiteElo "1691"]
[BlackElo "1901"]
[Annotator "TA"]
[PlyCount "84"]
[EventDate "2022.07.29"]
[EventType "team-tourn"]
[EventCountry "IND"]
[SourceTitle "playchess.com"]
[Source "ChessBase"]
[SourceQuality "1"]
[WhiteTeam "Barbados"]
[BlackTeam "Nigeria"]
[WhiteTeamCountry "BAR"]
[BlackTeamCountry "NGR"]
[TimeControl "40/5400+30:1800+30"]

1. e3 c5 2. f4 d5 3. Nf3 Nc6 4. Bb5 Qb6 5. Bxc6+ bxc6 (5... Qxc6 $11 {should be considered.} 6. O-O f6) 6. O-O {[%emt 0:04:27][%cal Oc2c4] [#] A03: Bird's Opening with 1...d5.} Ba6 $146 ({Predecessor:} 6... g6 7. b3 Bg7 8. Ne5 f6 9. Nf3 Nh6 10. Bb2 O-O 11. Qe2 Ba6 12. d3 c4 {0-1 (35) Esipenko,A (2026)-Gochelashvili,D (2416) Tuapse 2021}) 7. Re1 Nf6 8. d3 {[%emt 0:04:26] White is slightly better.} e6 9. Kh1 ({White should try} 9. b3 $11) 9... c4 $15 10. Nc3 Be7 11. Ne5 cxd3 12. cxd3 O-O 13. b3 Rfd8 14. Bb2 c5 15. Ne2 Rac8 16. Rc1 Bd6 {[%emt 0:00:56] aiming for ...Bxe5.} 17. Ng3 Bb7 18. Ng4 Nxg4 ({Better is} 18... Ne8 $1 $15) 19. Qxg4 $14 d4 20. exd4 (20. Nh5 $5 Bf8 21. exd4 cxd4 22. Ba3 $1 $16) 20... cxd4 21. f5 Rxc1 22. Rxc1 (22. Bxc1 $11 {was the only way to keep the balance.} Qa5 23. Rg1) 22... e5 $1 $17 23. f6 g6 {[%emt 0:00:58] Hoping for ...Qa6.} 24. Nf5 Bf8 {[%emt 0:00:52] This bishop pair is nice.} 25. Ne7+ Kh8 26. Qg5 Qa5 (26... Qb5 $142 27. Rg1 h6 28. Nxg6+ fxg6 29. Qxg6 e4 30. dxe4 (30. f7 $2 Qg5 $19) 30... Qd3) 27. a4 $2 (27. h4 $17) 27... h6 $1 $19 28. Qg3 Qd2 $2 (28... Rd6 $1 $19 29. Qf2 Qb6) 29. Ba3 $17 {[%emt 0:00:55] [#]} Kh7 (29... h5 $1 $17 {Threatens to win with ...Kh7.} 30. Rg1 Qe3 31. Nxg6+ fxg6 32. Bxf8 Qxg3 33. Bg7+ Kh7 34. hxg3 e4) 30. Rg1 ({White should play} 30. h4 $1 $15) 30... Qa2 $36 {[%emt 0:07:26][%mdl 2048] Black has strong initiative.} 31. Bc5 Qxb3 32. Bxa7 $2 (32. Qxe5 $17 Qxa4 33. Qc7) 32... Qxa4 $19 33. Bb6 Rd6 34. Bc5 Rxf6 35. Qxe5 Re6 36. Qc7 {[%emt 0:00:19] [#]} (36. Qf4 Qe8 37. Rf1) 36... Qa6 $2 (36... Bxg2+ $1 37. Kxg2 Qa8+ 38. Kh3 Qf3+ 39. Qg3 Qh5+ 40. Kg2 Qxc5) 37. Nf5 (37. Nc6 $142 Bxc6 38. Qxf7+ Bg7 39. Bxd4) 37... Rf6 38. Nxd4 (38. Ng3 Bxc5 39. Qxc5 Qxd3 40. Qe7) 38... Bxc5 39. Qxc5 Qxd3 {[%emt 0:00:28] ( -> ...Qe3)} 40. Qe5 {[%emt 0:05:38] Prevents Qe3.} Rf1 {[%emt 0:01:42] Black mates.} 41. Ne2 {[%emt 0:31:02] [#]} Bxg2+ $1 42. Kxg2 Qf3# {[%emt 0:00:03] Weighted Error Value: White=0.86/Black=0.30} 0-1

[Event "44th Chess Olympiad Women 2022"]
[Site "Chennai"]
[Date "2022.08.07"]
[Round "9.49"]
[White "Mwango, Lorita"]
[Black "Tsai, Sophie Yi-Hsuan"]
[Result "1-0"]
[ECO "A10"]
[WhiteElo "1920"]
[BlackElo "1131"]
[Annotator "TA"]
[PlyCount "133"]
[EventDate "2022.07.29"]
[EventType "team-tourn"]
[EventCountry "IND"]
[SourceTitle "playchess.com"]
[Source "ChessBase"]
[SourceQuality "1"]
[WhiteTeam "Zambia"]
[BlackTeam "Taiwan"]
[WhiteTeamCountry "ZAM"]
[BlackTeamCountry "TPE"]
[TimeControl "40/5400+30:1800+30"]

1. c4 f5 2. Nc3 Nf6 3. g3 e6 4. Bg2 Be7 5. Qb3 {[%emt 0:00:19] [#]} c6 $146 ({Predecessor:} 5... Nc6 6. d3 O-O 7. Bxc6 bxc6 8. Nf3 d6 9. d4 Bd7 10. O-O Ne4 11. Qc2 Nxc3 12. bxc3 Qb8 {0-1 (26) Magat,J (2117)-Hrnciar,R (2065) Slovakia 2012}) 6. e3 {[%emt 0:01:01] A10: English Opening: Unusual Replies for Black.} d5 7. d4 Nbd7 8. cxd5 {[%emt 0:00:30] White has an edge.} exd5 9. Nf3 Ne4 10. a3 O-O 11. O-O Kh8 12. Qc2 Qe8 13. b4 Ndf6 14. Ne5 Nxc3 15. Qxc3 Ne4 16. Qc2 Qh5 (16... Be6 $11) 17. f3 (17. b5 $14) 17... Ng5 (17... Nd6 $11) 18. f4 (18. b5 $16) 18... Ne4 $11 19. Bf3 Qh6 20. Rb1 g5 (20... a6 $11) 21. Rb2 (21. b5 $16) 21... gxf4 22. exf4 Qf6 23. Qd3 {[%emt 0:09:29] White is more active.} a6 24. Rg2 Bd6 25. Be2 (25. Bb2 $16) 25... a5 26. bxa5 (26. b5 $16) 26... Rxa5 27. Bb2 Qe7 28. Rf3 Be6 29. Bd1 Bf7 30. Re3 Rg8 31. a4 h6 (31... Rg7 $11) 32. h3 (32. g4 $14 {deserves consideration.} fxg4 33. Bxg4) 32... Kh7 (32... Bxe5 $5 33. dxe5 Be6 $11) 33. g4 Be6 34. Qe2 (34. Ba3 $5 ) 34... Bxe5 35. fxe5 Kh8 (35... Raa8 $5 ) 36. gxf5 Rxg2+ 37. Qxg2 Bxf5 {[%emt 0:00:12] [#] aiming for ...Ra8.} 38. Kh2 Qh4 $2 {[%emt 0:02:25][%mdl 8192] A mistake that costs the game.} (38... Ra8 $11 39. Qf3 Qg5) 39. Rf3 $18 Be6 {[%emt 0:01:20] White must now prevent ...Ra8.} 40. Rf8+ Kh7 41. Bc2 $40 {[%emt 0:32:01][%mdl 128] White wants a kill. Really sharp!} (41. Bc1 $142) 41... Ra7 $2 (41... Qg5 42. Rf6 Qxg2+ 43. Kxg2 Bg8) 42. Rf6 {[%emt 0:00:00] Intending Qg6+ and mate.} Kh8 43. Bxe4 {[%emt 0:00:00] Threatening mate with Rf8+.} dxe4 44. Rxe6 Qf4+ 45. Kh1 Ra8 46. Rf6 ({Not} 46. Re7 Rg8 47. Qe2 (47. Rxb7 $2 Rxg2 48. Kxg2 Qd2+ 49. Kg3 e3 $19) 47... Qg5 $19) (46. Rg6 $142 Kh7 47. Rf6 Qg5 48. Qxe4+ Kg7 49. d5 Rf8 50. dxc6 Qh5 51. Qg2+ Qg5 52. Qxg5+ hxg5 53. Rxf8) 46... Qe3 47. Qf2 (47. d5 $142 Qg5 48. e6 Qxg2+ 49. Kxg2 Kh7 50. d6 h5 51. e7 Rg8+ 52. Kh2) 47... Qxh3+ 48. Qh2 Qxh2+ 49. Kxh2 {[%emt 0:00:00] Strongly threatening e6.} Rxa4 50. Rxh6+ {[%emt 0:00:00][%mdl 4096] Endgame KRB-KR} (50. e6 $142 Kg7 51. e7) 50... Kg7 51. Rh3 Ra2 52. Rb3 e3 53. Kg3 b5 54. Kf3 (54. e6 $142 Kf6 {[#]} 55. Rxe3 $1) 54... Kf7 55. Kxe3 Ke6 56. Ke4 Ra8 57. Rc3 Rc8 58. Ba3 {[%emt 0:00:00] White mates.} Kd7 59. Bc5 Ke6 60. Rf3 Rh8 61. Rf6+ Kd7 62. e6+ Ke8 63. e7 Rh4+ 64. Rf4 Rxf4+ 65. Kxf4 Kf7 66. Kf5 Ke8 67. Kf6 {[%emt 0:00:00] Weighted Error Value: White=0.52/Black=0.74} 1-0

[Event "44th Chess Olympiad Women 2022"]
[Site "Chennai"]
[Date "2022.08.07"]
[Round "9.57"]
[White "Malehloa, Likhomo"]
[Black "Henderson de La Fuente, Andrea"]
[Result "0-1"]
[ECO "A50"]
[WhiteElo "1322"]
[BlackElo "1962"]
[Annotator "TA"]
[PlyCount "96"]
[EventDate "2022.07.29"]
[EventType "team-tourn"]
[EventCountry "IND"]
[SourceTitle "playchess.com"]
[Source "ChessBase"]
[SourceQuality "1"]
[WhiteTeam "Lesotho"]
[BlackTeam "Andorra"]
[WhiteTeamCountry "LES"]
[BlackTeamCountry "AND"]
[TimeControl "40/5400+30:1800+30"]

1. d4 Nf6 2. Nf3 b6 3. c4 Bb7 4. g3 g6 5. Bg2 Bg7 6. Nc3 {[%emt 0:02:24] A50: Queen's Fianchetto Defence (1 d4 Nf6 2 c4 b6).} d6 7. Bf4 Nbd7 8. O-O {[%emt 0:01:41] The position is equal.} O-O 9. Qd2 Re8 10. Rfe1 {[%emt 0:07:11] [#]} e5 $146 ({Predecessor:} 10... Rc8 11. Rad1 e6 12. b4 Qe7 13. a3 Ne4 14. Nxe4 Bxe4 15. Qe3 Bxf3 16. Qxf3 e5 17. dxe5 Nxe5 {1-0 (40) Bogdanic,K (1750)-Schneider,G Malinska 2015}) 11. dxe5 dxe5 12. Bh6 e4 13. Bxg7 Kxg7 14. Nh4 Ne5 15. Qxd8 Raxd8 16. b3 Rd2 17. Red1 Red8 18. Kf1 Neg4 19. h3 {[%emt 0:02:39] [#] Rxd2 is the strong threat.} Nh6 {[%emt 0:01:27] Threatening ...Rxd1+.} 20. Bh1 g5 21. Ng2 e3 22. Rxd2 exd2 23. Rd1 (23. f3 $11 {remains equal.}) 23... Be4 $36 {[%emt 0:05:14][%mdl 2048] Black has strong initiative. 0x0.0019ee9ff43adp-1022s more active pieces. The white rooks are badly placed.} 24. f3 $2 {[%emt 0:06:40][%mdl 8192] Loses the game.} (24. Ra1 $17) 24... Bc2 $19 25. Ne3 Bxd1 26. Nexd1 Nf5 27. Kf2 a6 28. e4 Nd4 29. Bg2 c6 {[%emt 0:01:32] Prevents Nd5.} 30. Nb1 Nc2 31. g4 (31. e5 $142 Nh5 32. Nbc3) 31... Nb4 {[%emt 0:01:36] Black is clearly winning.} 32. Nbc3 Nd7 33. Ke2 Ne5 34. a3 Nbd3 35. Ke3 Ne1 36. Bh1 Nc2+ 37. Ke2 Nxa3 38. Na4 b5 39. cxb5 axb5 40. Nc5 Nc2 {[%emt 0:00:13] aiming for ...Nd4+.} 41. Bg2 Nd4+ 42. Ke3 {[%emt 0:00:00] [#]} Nxb3 $1 43. Na6 (43. Nxb3 Rd3+) 43... Rd3+ 44. Ke2 c5 45. Nc7 Nd4+ 46. Kf2 c4 {[%emt 0:02:28] ( -> ...c3)} 47. Nd5 {[%emt 0:00:00] Prevents c3.} Rb3 48. N5c3 b4 {[%emt 0:00:17] Weighted Error Value: White=0.72/Black=0.32} 0-1